 Dungeon Crawl Stone Soup version 0.28-a0-1002-gf00fe891ef (webtiles) character file.

Game seed: 3646496084572445378

154 Umoon2 the Skirmisher (level 5, -2/47 HPs)
             Began as a Hill Orc Fighter on Dec 6, 2021.
             Was an Initiate of Beogh.
             Slain by a yak (11 damage)
             ... on level 5 of the Dungeon.
             The game lasted 00:04:50 (3261 turns).

Umoon2 the Skirmisher (Hill Orc Fighter)            Turns: 3261, Time: 00:04:52

Health: -2/47      AC:  5    Str: 19    XL:     5   Next: 36%
Magic:  0/5        EV: 10    Int: 16    God:    Beogh [......]
Gold:   179        SH:  4    Dex: 10    Spells: 4/4 levels left

rFire   . . .      SeeInvis .   a - +0 war axe
rCold   . . .      Faith    .   c - +0 buckler
rNeg    . . .      Spirit   +   j - +0 ring mail
rPois   .          Reflect  .   (no helmet)
rElec   .          Harm     .   (no cloak)
rCorr   .          Rampage  .   (no gloves)
Will    .....                   (no boots)
Stlth   ..........              o - amulet of guardian spirit
HPRegen 0.15/turn               i - +6 ring of intelligence
MPRegen 0.09/turn               (no ring)

@: no status effects
A: no striking features
a: Renounce Religion


You were on level 5 of the Dungeon.
You worshipped Beogh.
Beogh was noncommittal.
You visited 1 branch of the dungeon, and saw 5 of its levels.

You collected 179 gold pieces.

Inventory:

Hand Weapons
 a - a +0 war axe (weapon)
Armour
 b - a +0 scale mail
 c - a +0 buckler (worn)
 j - a +0 ring mail (worn)
Jewellery
 i - a +6 ring of intelligence (left hand)
 o - an amulet of guardian spirit (around neck)
Wands
 m - a wand of acid (9)
Scrolls
 e - a scroll of identify {unknown}
 f - a scroll of holy word {unknown}
 g - a scroll of enchant weapon {unknown}
 l - a scroll of magic mapping {unknown}
 n - a scroll of teleportation {unknown}
Potions
 d - a potion of might
 h - a potion of berserk rage {unknown}
 k - a potion of lignification {unknown}


   Skills:
 + Level 4.6 Fighting
 + Level 4.0 Axes
 + Level 4.0 Armour
 + Level 1.0 Dodging
 + Level 4.2 Shields
 * Level 1.0 Invocations


You had 4 spell levels left.
You didn't know any spells.
Your spell library was empty.

Dungeon Overview and Level Annotations

Branches:
Dungeon (5/15)
 Temple: D:4-7

Altars:
Cheibriados
Qazlal
Vehumet
Wu Jian


Message History

You now have 169 gold pieces (gained 11).
You see here a +0 club.
Found a stone staircase leading down.
You now have 179 gold pieces (gained 10).
Found 7 gold pieces and 2 javelins.
There is a stone staircase leading down here.
You climb downwards.
You hear the hiss of flowing sand.
There is an entrance to an ossuary on this level.
Hurry and find it before the portal is buried!
There is a stone staircase leading up here.
There is a stone staircase leading up here.
Found 21 bolts.
You hear the slow hiss of a very distant avalanche of sand.
A yak comes into view.
Found a transparent dagger.
The yak bellows!
You hear a bellow!
An ice beast comes into view.
There are monsters nearby!
There are monsters nearby!
The yak gores you!
A yak comes into view.
The yak gores you!
You hit the yak.
The yak is lightly wounded.
The yak gores you but does no damage.
You hit the yak but do no damage.
The yak is lightly wounded.
The yak barely misses you.
You hit the yak.
The yak is moderately wounded.
The yak gores you! x2
* * * LOW HITPOINT WARNING * * *
Okay, then.
Aiming: Corrosive Bolt
Press: ? - help, Shift-Dir - straight line, f - ice beast
Aim: an ice beast (71% to hit)
The bolt of acid hits the yak!!
The yak is severely wounded.
The bolt of acid misses the ice beast.
The yak gores you!
You die...

### ### # #.# ###
##.#### .# #.#
#@## ##..Y..####..
#.##
##Y###Y.#......##.
#..#
#Y.#..#####......
#.<# ##...##
###.... ##.#
##..#..## #....
#.## #.......#
##... #..#
##........# #...
#..# #.........#
##.. #..##
##..........# #..


You could see a yak and an ice beast.

Vanquished Creatures
  2 orc wizards (D:3)
  A gnoll (D:1)
  An adder skeleton (D:4)
  3 worms
  9 orcs
  6 ball pythons
  3 bats
  9 endoplasms
  A giant cockroach (D:1)
  9 goblins
  5 hobgoblins
  4 jackals (D:1)
  4 kobolds
  3 quokkas
  A frilled lizard (D:2)
  5 rats
66 creatures vanquished.

Vanquished Creatures (others)
  An orc (D:4)
1 creature vanquished.

Grand Total: 67 creatures vanquished

Notes
Turn   | Place    | Note
-------+----------+-------------------------------------------
     0 | D:1      | Umoon2 the Hill Orc Fighter began the quest for the Orb.
     0 | D:1      | Reached XP level 1. HP: 19/19 MP: 1/1
    99 | D:1      | Reached XP level 2. HP: 24/27 MP: 2/2
   186 | D:1      | Reached XP level 3. HP: 21/33 MP: 3/3
  1135 | D:3      | Reached XP level 4. HP: 26/40 MP: 4/4
  1363 | D:3      | Found an ornate altar of the Wu Jian Council.
  1683 | D:3      | Found a snail-covered altar of Cheibriados.
  1683 | D:3      | Found a radiant altar of Vehumet.
  1684 | D:3      | Found a stormy altar of Qazlal.
  1781 | D:4      | Became a worshipper of Beogh the Brigand
  1781 | D:4      | Noticed an ogre
  1782 | D:4      | Noticed a necrophage
  2730 | D:2      | Reached XP level 5. HP: 41/47 MP: 5/5
  3094 | D:3      | Reached skill level 1 in Dodging
  3094 | D:3      | Reached skill level 1 in Invocations
  3165 | D:5      | Entered Level 5 of the Dungeon
  3222 | D:5      | Noticed a yak
  3222 | D:5      | Noticed an ice beast
  3254 | D:5      | Noticed a yak
  3261 | D:5      | Slain by a yak

Illustrated notes

Levels and vault maps discovered:
D:1:      lemuel_arrival_tunnels, layout_rooms
D:2:      layout_basic
D:3:      layout_loops_ring, mainiacjoe_overflow_six_doors_small,
          gammafunk_temple_overflow_claw
D:4:      layout_cave_pools, ashenzari_altar_1, temple_hall, serial_shops,
          nicolae_shop_temple_entry_statues_fountains
D:5:      kennysheep_spiral_hall, layout_layer_cave, marbit_many_paths,
          enter_ossuary_2

Skill      XL: |  1  2  3  4  5 |
---------------+----------------+-----
Axes           | 3 4 |  4.0
Fighting       | 4 |  4.6
Shields        | 4 |  4.2
Armour         | 4 |  4.0
Dodging        | 1 |  1.0
Invocations    | 1 |  1.0

Action                   |  1- 3 |  4- 6 || total
-------------------------+-------+-------++-------
Melee: War axe           |    96 |    97 ||   193
Invok: Convert to Beogh  |       |     1 ||     1
Evoke: Wand              |       |     1 ||     1
Armor: Scale mail        |    40 |       ||    40
       Ring mail         |     4 |    61 ||    65
Dodge: Dodged            |    52 |    60 ||   112
Block: Buckler           |    18 |    28 ||    46

Table legend: (Time is in decaauts)
 A = Elapsed time spent in this place.
 B = Non-inter-level travel time spent in this place.
 C = Inter-level travel time spent in this place.
 D = Time resting spent in this place.
 E = Time spent auto-exploring this place.
 F = Levels seen in this place.
 G = Mean time per level.
                   A        B        C        D        E       F      G
               +--------+--------+--------+--------+--------+-----+--------+
         Total |   3325 |   3160 |    165 |    538 |   1883 |   5 |  665.0 |
       Dungeon |   3325 |   3160 |    165 |    538 |   1883 |   5 |  665.0 |
               +--------+--------+--------+--------+--------+-----+--------+

Top non-repeatable levels by time:
     D:2: 1103 daAuts
     D:3: 1094 daAuts
     D:1: 981 daAuts
     D:5: 96 daAuts
     D:4: 49 daAuts
